 Dungeon Crawl Stone Soup version 0.27-a0-1065-ge809cff456 (webtiles) character file.

Game seed: 8827758856296969513

2552 siradein the Fighter (level 9, -7/82 HPs)
             Began as a Minotaur Fighter on Apr 22, 2021.
             Was a Believer of Uskayaw.
             Mangled by a two-headed ogre
             ... wielding a +0 giant club
              (9 damage)
             ... on level 8 of the Dungeon.
             The game lasted 00:29:37 (8511 turns).

siradein the Fighter (Minotaur Fighter)             Turns: 8511, Time: 00:29:38

Health: -7/82      AC: 16    Str: 22    XL:     9   Next: 31%
Magic:  0/8        EV:  8    Int:  5    God:    Uskayaw [**....]
Gold:   327        SH:  0    Dex: 12    Spells: 8/8 levels left

rFire    . . .     SeeInvis .   z - +0 triple sword
rCold    . . .     Faith    .   (shield currently unavailable)
rNeg     . . .     Spirit   +   v - +0 chain mail
rPois    .         Reflect  .   (helmet restricted)
rElec    .         Harm     .   j - +0 cloak
rCorr    .         Rampage  .   (no gloves)
Will     .....                  (no boots)
Stlth    ..........             B - amulet of guardian spirit
HPRegen  0.23/turn              r - +4 ring of protection
MPRegen  0.11/turn              (no ring)

@: no status effects
A: horns 2, retaliatory headbutt
a: Renounce Religion, Stomp, Line Pass


You were on level 8 of the Dungeon.
You worshipped Uskayaw.
Uskayaw was noncommittal.
You visited 2 branches of the dungeon, and saw 9 of its levels.

You collected 327 gold pieces.

Inventory:

Hand Weapons
 a - a +0 long sword
 z - a +0 triple sword (weapon)
Missiles
 s - a throwing net (quivered)
 t - 5 atropa-tipped darts
Armour
 c - a +0 kite shield
 j - a +0 cloak (worn)
 v - a +0 chain mail (worn)
Jewellery
 e - an amulet of magic regeneration
 r - a +4 ring of protection (left hand)
 B - an amulet of guardian spirit (around neck)
Wands
 k - a wand of paralysis (11)
Scrolls
 f - 2 scrolls of enchant weapon {unknown}
 g - a scroll of immolation {unknown}
 i - 2 scrolls of vulnerability {unknown}
 l - a scroll of summoning {unknown}
 o - 3 scrolls of teleportation {unknown}
 u - a scroll of amnesia {unknown}
 w - a scroll of identify
 y - a scroll of magic mapping {unknown}
 A - a scroll of fog {unknown}
Potions
 b - a potion of mutation
 d - 3 potions of might
 h - 3 potions of haste
 m - 2 potions of heal wounds
 n - a potion of flight
 p - a potion of attraction {unknown}
 q - 3 potions of brilliance {unknown}
 x - a potion of curing


   Skills:
 + Level 8.5 Fighting
 + Level 7.9 Long Blades
 + Level 8.4 Armour
 + Level 8.4 Shields


You had 8 spell levels left.
You didn't know any spells.
Your spell library contained the following spells:

 Spells                   Type           Power      Damage    Failure   Level
 Freeze                   Ice            0%         1d3       98%         1
 Magic Dart               Conj           0%         1d3       98%         1
 Blink                    Tloc           N/A        N/A       99%         2
 Call Imp                 Summ           0%         N/A       99%         2
 Poisonous Vapours        Pois/Air       0%         N/A       99%         2
 Slow                     Hex            0%         N/A       99%         2
 Conjure Flame            Conj/Fire      0%         6-21      100%        3
 Frozen Ramparts          Ice            0%         1d2       100%        3
 Mephitic Cloud           Conj/Pois/Air  0%         N/A       100%        3
 Ozocubu's Armour         Ice            0%         N/A       100%        3
 Hailstorm                Conj/Ice       0%         3d3       100%        4
 Metabolic Englaciation   Hex/Ice        0%         N/A       100%        5
 Freezing Cloud           Conj/Ice/Air   0%         6-21      100%        6


Dungeon Overview and Level Annotations

Branches:
Dungeon (8/15)             Temple (1/1) D:4
   Lair: D:8-11

Altars:
Ashenzari
Dithmenos
Fedhas
Gozag
Hepliaklqana
Kikubaaqudgha
Makhleb
Nemelex Xobeh
Okawaru
Qazlal
Ru
Sif Muna
Trog
Uskayaw
Vehumet
Yredelemnul
Lugonu

Shops:
D:3 :   D:5 :(   D:8 :

Annotations:
D:5 1 runed translucent door


Innate Abilities, Weirdness & Mutations

You have a pair of horns on your head.
You reflexively headbutt those who attack you in melee.


Message History

You see here 4 large rocks.
A two-headed ogre comes into view.
It is wielding a +0 giant club and a +0 giant spiked club.
You barely miss the two-headed ogre.
Your headbutt misses the two-headed ogre.
The two-headed ogre hits you but does no damage.
The two-headed ogre hits you with a +0 giant spiked club!
The two-headed ogre barely misses you.
The two-headed ogre hits you with a +0 giant spiked club!
You slash the two-headed ogre! You headbutt the two-headed ogre.
The two-headed ogre is moderately wounded.
The two-headed ogre hits you with a +0 giant club.
The two-headed ogre hits you with a +0 giant spiked club!
You hit the two-headed ogre.
You headbutt the two-headed ogre, but do no damage.
The two-headed ogre is moderately wounded.
The two-headed ogre hits you with a +0 giant club!
The two-headed ogre hits you with a +0 giant spiked club!
You hit the two-headed ogre.
The two-headed ogre is moderately wounded.
The two-headed ogre closely misses you. You furiously retaliate!
You headbutt the two-headed ogre! The two-headed ogre barely misses you.
You can now pass through a line of other dancers.
You slash the two-headed ogre!
The two-headed ogre is severely wounded.
The two-headed ogre hits you with a +0 giant club!
* * * LOW HITPOINT WARNING * * *
The two-headed ogre hits you with a +0 giant spiked club!
* * * LOW HITPOINT WARNING * * *
You don't have enough magic at the moment.
You barely miss the two-headed ogre.
The two-headed ogre is severely wounded.
The two-headed ogre hits you with a +0 giant club.
* * * LOW HITPOINT WARNING * * *
The two-headed ogre hits you with a +0 giant spiked club!
* * * LOW HITPOINT WARNING * * *
You barely miss the two-headed ogre.
You headbutt the two-headed ogre, but do no damage.
The two-headed ogre is severely wounded.
The two-headed ogre hits you with a +0 giant club!
You die...

##.......##### ####..###
#..## ##..# #..## ##..#
#######..##
###........##
#....O@.....##
..............##########
.##.....................
##....................
#...#####..##########
#### ##..## #...#
########..##
#.......#..#


You could see a two-headed ogre.

Vanquished Creatures
  A cyclops (D:8)
  A yak (D:6)
  A water moccasin (D:6)
  An orc warrior (D:6)
  2 black bears (D:5)
  2 necrophages (D:6)
  2 ogres
  A phantom (D:5)
  A bullfrog (D:7)
  A gnoll sergeant (D:6)
  3 scorpions
  The ghost of Orlauf the Chopper, a weakling DsGl (D:3)
  A howler monkey (D:4)
  2 hounds
  A jelly (D:6)
  2 orc priests (D:3)
  2 centaur skeletons
  A gnoll shaman (D:5)
  6 iguanas
  5 orc wizards
  A killer bee zombie (D:6)
  14 gnolls
  A howler monkey skeleton (D:4)
  7 adders
  2 worms
  3 dart slugs
  9 orcs
  5 ball pythons
  5 endoplasms
  5 giant cockroaches
  6 goblins
  9 hobgoblins
  19 jackals
  4 kobolds
  3 quokkas
  5 bats
  2 frilled lizards (D:3)
  6 rats
143 creatures vanquished.

Notes
Turn   | Place    | Note
-------+----------+-------------------------------------------
     0 | D:1      | siradein the Minotaur Fighter began the quest for the Orb.
     0 | D:1      | Reached XP level 1. HP: 19/19 MP: 0/0
   149 | D:1      | Reached XP level 2. HP: 23/27 MP: 1/1
   634 | D:1      | Reached XP level 3. HP: 30/33 MP: 2/2
  1055 | D:2      | Found a faded altar of an unknown god.
  1326 | D:2      | Reached XP level 4. HP: 40/41 MP: 3/3
  1851 | D:3      | Reached XP level 5. HP: 23/47 MP: 4/4
  2055 | D:3      | Found a hazy altar of Hepliaklqana.
  2089 | D:3      | Found a stormy altar of Qazlal.
  2144 | D:3      | Found Xuffaus's Book Boutique.
  2147 | D:3      | Found a runed translucent door.
  2147 | D:3      | Noticed Orlauf's ghost (weakling DsGl)
  2633 | D:3      | Found a sparkling altar of Nemelex Xobeh.
  2806 | D:3      | Killed Orlauf's ghost
  2807 | D:3      | Reached skill level 5 in Fighting
  3097 | D:4      | Reached skill level 5 in Armour
  3097 | D:4      | Reached skill level 5 in Shields
  3113 | D:4      | Reached XP level 6. HP: 14/56 MP: 5/5
  3482 | D:4      | Found a staircase to the Ecumenical Temple.
  3535 | Temple   | Entered the Ecumenical Temple
  3582 | Temple   | Became a worshipper of Uskayaw the Reveller
  3681 | D:4      | Reached * piety under Uskayaw
  3802 | D:4      | Reached ** piety under Uskayaw
  3924 | D:4      | Found an opulent altar of Gozag.
  4269 | D:4      | Reached *** piety under Uskayaw
  4569 | D:5      | Entered Level 5 of the Dungeon
  4578 | D:5      | Found Nyivuow's Weapon Emporium.
  4665 | D:5      | Reached skill level 5 in Long Blades
  4665 | D:5      | Reached XP level 7. HP: 53/62 MP: 6/6
  4844 | D:5      | Found a runed translucent door.
  4844 | D:5      | Noticed a human
  4848 | D:5      | Found a basalt altar of Yredelemnul.
  4858 | D:5      | Found Zafoggan's Book Shop.
  4880 | D:5      | Reached **** piety under Uskayaw
  5348 | D:5      | Found a bloodstained altar of Trog.
  5498 | D:6      | Reached XP level 8. HP: 61/71 MP: 7/7
  7173 | D:7      | Reached XP level 9. HP: 77/81 MP: 8/8
  7695 | D:7      | Found a burning altar of Makhleb.
  7695 | D:7      | Found an ancient bone altar of Kikubaaqudgha.
  7695 | D:7      | Found a sacrificial altar of Ru.
  7853 | D:8      | Found Yseypn's Book Emporium.
  7876 | D:8      | Noticed a two-headed ogre
  8144 | D:8      | Noticed a cyclops
  8157 | D:8      | Killed a cyclops
  8501 | D:8      | Noticed a two-headed ogre
  8510 | D:8      | HP: 1/82 [two-headed ogre/+0 giant club (9)]
  8511 | D:8      | Mangled by a two-headed ogre

Illustrated notes

Levels and vault maps discovered:
D:1:      eino_arrival_cavern_c, layout_basic, minmay_misc_feat_hallway,
          minmay_misc_feat_nine_boxes, minmay_misc_feat_enclosed
D:2:      layout_basic, shapermc_ecumenical_altar_starsandcircs,
          grunt_ministairs_14, st_stairs_10
D:3:      layout_basic, old_standard_altar, nicolae_qazlal_scattered_showers,
          nicolae_overflow_hidden_temple, hellmonk_ghost_happy_afterlife,
          serial_shops, nicolae_shop_waterfront, st_stairs_12,
          hangedman_decor_push
D:4:      layout_cave_pods, grunt_gozag_breadcrumbs, minmay_temple_entry_glass,
          serial_glass, glass_columns_b, glass_columns_a
D:5:      layout_loops_ring, general_overflow_altar, dk_yredelemnul_ordeal,
          serial_shops, shop, shop_statue
D:6:      layout_gridville, hangedman_minor_gate_pass
D:7:      layout_cave_pools, gammafunk_temple_overflow_forgotten
D:8:      layout_cave_pods, kennysheep_mini_moat, serial_shops, shop_fountains,
          small_chamber_with_monster, chequers_serial_rivers_small_3,
          uniq_gastronok
Temple:   corrupted_temple

Skill      XL: |  1  2  3  4  5  6  7  8  9 |
---------------+----------------------------+-----
Fighting       | 4 5 6 8 |  8.5
Armour         | 4 5 6 7 8 |  8.4
Shields        | 4 5 6 7 8 |  8.4
Long Blades    | 3 4 5 6 7 |  7.9

Action                   |  1- 3 |  4- 6 |  7- 9 || total
-------------------------+-------+-------+-------++-------
Melee: Long sword        |    85 |   166 |   219 ||   470
       Headbutt          |     8 |    33 |    45 ||    86
       Triple sword      |       |       |    13 ||    13
Invok: Line Pass         |       |     1 |     4 ||     5
  Use: Scroll            |       |     4 |     2 ||     6
       Potion            |       |     1 |       ||     1
 Stab: Confused          |       |     1 |     1 ||     2
       Paralysed         |       |       |     5 ||     5
Armor: Scale mail        |    43 |    70 |    64 ||   177
       Chain mail        |       |       |    50 ||    50
Dodge: Dodged            |    38 |    47 |    62 ||   147
Block: Kite shield       |    54 |    94 |   117 ||   265
       Rpst.: Long sword |    11 |    13 |    12 ||    36

Table legend: (Time is in decaauts)
 A = Elapsed time spent in this place.
 B = Non-inter-level travel time spent in this place.
 C = Inter-level travel time spent in this place.
 D = Time resting spent in this place.
 E = Time spent auto-exploring this place.
 F = Levels seen in this place.
 G = Mean time per level.
                   A        B        C        D        E       F      G
               +--------+--------+--------+--------+--------+-----+--------+
         Total |   8683 |   8452 |    231 |   1189 |   5900 |   9 |  964.8 |
       Dungeon |   8616 |   8403 |    213 |   1189 |   5866 |   8 | 1077.0 |
        Temple |     66 |     48 |     18 |      0 |     33 |   1 |   66.0 |
               +--------+--------+--------+--------+--------+-----+--------+

Top non-repeatable levels by time:
     D:4: 1527 daAuts
     D:6: 1500 daAuts
     D:3: 1286 daAuts
     D:5: 1096 daAuts
     D:1: 1070 daAuts
     D:7: 747 daAuts
     D:2: 724 daAuts
     D:8: 664 daAuts
  Temple: 66 daAuts
